 Dungeon Crawl Stone Soup version 0.24-a0-201-gf205589 (webtiles) character file.

Game seed: 7710591134377072010

1514 Borgoz the Covered (level 9, -11/58 HPs)
             Began as a Halfling Fighter on Mar 24, 2019.
             Was an Initiate of Ashenzari.
             Mangled by Menkaure (21 damage)
             ... on level 6 of the Dungeon.
             The game lasted 00:09:40 (5182 turns).

Borgoz the Covered (Halfling Fighter)               Turns: 5182, Time: 00:09:41

Health: -11/58     AC:  5    Str: 17    XL:     9   Next: 9%
Magic:  12/12      EV: 14    Int:  9    God:    Ashenzari [......]
Gold:   236        SH: 10    Dex: 14    Spells: 12/12 levels left

rFire    + . .     SeeInvis .   a - +0 dagger (drain)
rCold    . . .     Gourm    .   c - +0 shield
rNeg     + . .     Faith    .   x - +0 troll leather armour {Purgy}
rPois    .         Spirit   .   (no helmet)
rElec    .         Reflect  .   (no cloak)
rCorr    .         Harm     .   (no gloves)
MR       .....                  (no boots)
Stlth    ++........             w - amulet of rage
HPRegen  0.59/turn              l - ring of positive energy
MPRegen  0.13/turn              n - ring of protection from fire

@: no status effects
A: small, mutation resistance 1
a: Curse Item, Renounce Religion, Evoke Berserk Rage


You were on level 6 of the Dungeon.
You worshipped Ashenzari.
Ashenzari was noncommittal.
You were not hungry.

You visited 2 branches of the dungeon, and saw 7 of its levels.

You collected 236 gold pieces.

Inventory:

Hand Weapons
 a - a +0 dagger of draining (weapon)
 b - a +0 blowgun
 h - a +2 dagger of protection
 p - a +0 rapier
Missiles
 j - 6 needles of sleeping
 r - 7 tomahawks (quivered)
Armour
 c - a +0 shield (worn)
 x - a +0 troll leather armour (worn) {Purgy}
Jewellery
 e - an uncursed ring of resist corrosion
 l - a ring of positive energy (left hand)
 n - a ring of protection from fire (right hand)
 w - an amulet of rage (around neck)
 E - a +1 ring of protection
Wands
 u - a wand of digging (2)
Scrolls
 d - a scroll of noise {unknown}
 k - a scroll of magic mapping {unknown}
 m - 5 scrolls of identify
 o - 2 scrolls of fog {unknown}
 q - 7 scrolls of remove curse
 y - 3 scrolls of amnesia {unknown}
 z - 2 scrolls of enchant weapon {unknown}
 A - a scroll of enchant armour {unknown}
 B - a scroll of fear {unknown}
 C - a scroll of blinking {unknown}
 D - 2 scrolls of random uselessness {unknown}
 F - a scroll of immolation {unknown}
 G - a scroll of teleportation {unknown}
Potions
 g - a potion of flight
 s - 2 potions of haste
 t - 2 potions of magic
 v - 2 potions of curing
Comestibles
 f - 5 rations
 H - 7 chunks of flesh


   Skills:
 + Level 3.8 Fighting
 * Level 5.9 Short Blades
 + Level 2.9 Throwing
 * Level 6.0 Armour
 * Level 4.7 Dodging
 + Level 3.3 Stealth
 + Level 4.7 Shields
 + Level 2.0 Spellcasting
 + Level 1.3 Evocations


You had 12 spell levels left.
You didn't know any spells.
Your spell library was empty.

Dungeon Overview and Level Annotations

Branches:
Dungeon (6/15)             Temple (1/1) D:5

Altars:
Ashenzari
Cheibriados
Dithmenos
Elyvilon
Fedhas
Gozag
Hepliaklqana
Kikubaaqudgha
Makhleb
Nemelex Xobeh
Okawaru
Qazlal
Ru
Sif Muna
Trog
Uskayaw
Vehumet
Xom
Yredelemnul
Zin
The Shining One

Annotations:
D:6 1 runed translucent door, Menkaure; snowfan's ghost, novice OpVM


Innate Abilities, Weirdness & Mutations

You are small and have problems with some larger weapons.
You are somewhat resistant to further mutation.


Message History

Menkaure is moderately damaged.
Snowfan's ghost screams, "Zot is a myth, the ORB is a fable, you'll soon be a tale!"
Menkaure points at you and mumbles some strange words.
Pain shoots through your body!
* * * LOW HITPOINT WARNING * * *
You hit Menkaure.
Menkaure is moderately damaged.
You block Menkaure's attack.
You hit Menkaure but do no damage.
Menkaure is moderately damaged.
Menkaure calls on the powers of darkness!
Your body is wracked with pain!
* * * LOW HITPOINT WARNING * * *
You barely miss Menkaure.
Menkaure is moderately damaged.
Menkaure misses you.
You hit Menkaure.
Menkaure is moderately damaged.
Menkaure hits you!!
You die...

.......#... .......# ..
..#.+...♣ .......# #.##
..#.##..! .......# #..#
..#..##W. .......#
##'####'#...##⌠
...).).###............##
....)))....÷.(..........
....)...........M.......
......).........@...#...
..^....###..............
....#### #..............
....#########+##'##.....
....'..........#.# .....
....#########..#.# ....
....# #..#.# ... ..###
#..#.# ... ..# ##.#.#


You could see Menkaure and snowfan's ghost.

Vanquished Creatures
  Purgy (D:3)
  2 phantoms
  A sky beast (D:5)
  A black bear (D:6)
  2 ogres (D:4)
  2 centaurs
  A wyvern zombie (D:6)
  A howler monkey (D:5)
  A hound (D:4)
  A bullfrog skeleton (D:6)
  A gnoll shaman (D:6)
  An orc priest (D:6)
  2 centaur skeletons
  3 orc wizards
  An iguana (D:6)
  3 worker ants
  8 gnolls
  9 adders
  2 worms (D:2)
  2 dart slugs (D:2)
  6 leopard geckos
  16 orcs
  6 giant cockroaches
  5 goblins
  14 hobgoblins
  13 jackals
  6 quokkas
  2 ball pythons (D:2)
  11 bats
  5 frilled lizards
  9 kobolds
  4 rats
142 creatures vanquished.

Notes
Turn   | Place    | Note
-------+----------+-------------------------------------------
     0 | D:1      | Borgoz the Halfling Fighter began the quest for the Orb.
     0 | D:1      | Reached XP level 1. HP: 15/15 MP: 1/1
    57 | D:1      | Reached XP level 2. HP: 13/20 MP: 2/2
   486 | D:1      | Reached skill level 1 in Dodging
   566 | D:1      | Reached XP level 3. HP: 23/25 MP: 3/3
  1292 | D:2      | Reached XP level 4. HP: 30/30 MP: 4/4
  1537 | D:2      | Reached skill level 1 in Throwing
  1620 | D:2      | Reached skill level 4 in Armour
  1628 | D:2      | Reached XP level 5. HP: 25/36 MP: 5/5
  2223 | D:3      | Reached skill level 1 in Stealth
  2501 | D:3      | Reached XP level 6. HP: 39/42 MP: 7/7
  2611 | D:3      | Noticed Purgy
  2622 | D:3      | Killed Purgy
  2622 | D:3      | Reached skill level 1 in Spellcasting
  2837 | D:4      | Noticed a phantom
  2945 | D:4      | Killed a phantom
  2945 | D:4      | Reached XP level 7. HP: 39/46 MP: 8/8
  3598 | D:4      | Reached skill level 5 in Armour
  3817 | D:5      | Entered Level 5 of the Dungeon
  3846 | D:5      | Reached XP level 8. HP: 50/52 MP: 10/10
  3911 | D:5      | Reached skill level 5 in Short Blades
  4150 | D:5      | Found a staircase to the Ecumenical Temple.
  4162 | Temple   | Entered the Ecumenical Temple
  4235 | Temple   | Became a worshipper of Ashenzari the Shackled
  4733 | D:6      | Noticed Menkaure
  4992 | D:6      | Reached skill level 1 in Evocations
  5026 | D:6      | Reached XP level 9. HP: 43/58 MP: 10/12
  5114 | D:6      | Reached skill level 6 in Armour
  5168 | D:6      | Found a runed translucent door.
  5168 | D:6      | Noticed snowfan's ghost (novice OpVM)
  5182 | D:6      | Mangled by Menkaure

Levels and vault maps discovered:
D:1:      shiori_arrival_maze, layout_basic, chequers_serial_rivers_micro_b,
          hangedman_decor_growths
D:2:      layout_basic
D:3:      layout_loops_corners, first_ration, corner_web_ring, uniq_purgy
D:4:      layout_basic
D:5:      layout_basic, temple_green
D:6:      layout_basic, hellmonk_ghost_happy_afterlife,
          minmay_misc_feat_hallway, hangedman_decor_lopped,
          minmay_misc_feat_room, glass_columns_a, minmay_misc_feat_encased,
          due_unseen_surprise, uniq_menkaure
Temple:   regret_index_temple_sigil_plot

Skill      XL: |  1  2  3  4  5  6  7  8  9 |
---------------+----------------------------+-----
Dodging        | 1 2 3 4 |  4.7
Short Blades   | 3 4 5 |  5.9
Throwing       | 1 2 |  2.9
Armour         | 4 5 6 |  6.0
Stealth        | 1 2 3 |  3.3
Fighting       | 3 |  3.8
Spellcasting   | 1 2 |  2.0
Shields        | 4 |  4.7
Evocations     | 1 |  1.3

Action                   |  1- 3 |  4- 6 |  7- 9 || total
-------------------------+-------+-------+-------++-------
Melee: Rapier            |    52 |       |       ||    52
       Dagger            |    89 |   318 |   414 ||   821
Throw: Tomahawk          |       |       |     4 ||     4
Evoke: Wand              |       |       |     1 ||     1
  Use: Potion            |       |     1 |     3 ||     4
       Scroll            |       |       |     5 ||     5
 Stab: Invisible         |       |       |     6 ||     6
       Distracted        |       |       |     1 ||     1
       Sleeping          |       |       |     1 ||     1
  Eat: Chunk             |     1 |     6 |     8 ||    15
Armor: Scale mail        |    38 |       |       ||    38
       Plate armour      |    16 |    97 |       ||   113
       Troll leather arm |       |    18 |    58 ||    76
Dodge: Dodged            |    48 |    54 |   200 ||   302
Block: Shield            |    62 |   124 |   187 ||   373

Table legend:
 A = Non-vault XP
 B = Vault XP
 C = Vault XP percentage of total XP
 D = Non-vault monster count
 E = Vault monster count
 F = Vault count percentage of total count
                 A         B        C        D         E       F
            +---------+---------+-------+---------+---------+-------
      Total |    2024 |     139 |   6.4 |     139 |       3 |   2.1
            +---------+---------+-------+---------+---------+-------
        D:1 |      37 |       3 |   7.5 |      23 |       2 |   8.0
        D:2 |     110 |       0 |   0.0 |      29 |       0 |   0.0
        D:3 |     140 |     136 |  49.3 |      28 |       1 |   3.4
        D:4 |     557 |       0 |   0.0 |      18 |       0 |   0.0
        D:5 |     541 |       0 |   0.0 |      14 |       0 |   0.0
        D:6 |     639 |       0 |   0.0 |      27 |       0 |   0.0
            +---------+---------+-------+---------+---------+-------
